Map: Templo Congelado

Players

PwTelivolts

  • Race: Terran Terran
  • League: Master

TheZergLord - Winner!

  • Race: Zerg Zerg
  • League: Master

VOD

Have the link to the VOD?

Description

Time

  • Played on: May 24, 2016, 9:32 a.m.
  • Length: 4:08
Show
View Real Time Build Order
Export as new Build Order

PwTelivolts Terran 

Build Orders: Command Center First (CC) 

Get SALT Encoding   

  12  0:01  SCV  
  13  0:13  SCV  
  14  0:18  Supply Depot  
  14  0:26  SCV  
  15  0:40  SCV  
  16  0:52  SCV  
  17  1:04  SCV  
  17  1:06  Command Center  
  18  1:14  Refinery  
  18  1:16  SCV  
  19  1:28  SCV  
  19  1:30  Barracks  
  20  1:41  SCV  
  20  1:45  Refinery  
  21  1:53  SCV  
  22  2:08  SCV  
  23  2:18  Orbital Command  
  23  2:21  Reaper, Orbital Command  
  24  2:24  Factory  
  24  2:44  SCV  
  25  2:47  SCV  
  26  2:53  Barracks Tech Lab  
  26  2:56  SCV  
  27  2:59  SCV  
  28  3:06  Command Center  
  28  3:08  SCV  
  28  3:12  Starport  
  29  3:20  Bunker  
  29  3:23  Siege Tank  
  32  3:28  Marine  
  33  3:46  SCV  
  33  3:48  Marine  
Show
View Real Time Build Order
Export as new Build Order

TheZergLord Zerg - Winner!

Build Orders: Hatch First 

Get SALT Encoding   

  12  0:01  Drone  
  13  0:12  Overlord  
  13  0:17  Drone  
  14  0:31  Drone x2  
  14  0:34  Drone  
  17  0:53  Hatchery  
  17  0:56  Drone  
  17  1:10  Spawning Pool  
  16  1:13  Drone  
  16  1:15  Extractor  
  16  1:18  Drone  
  16  1:22  Drone  
  18  1:30  Drone  
  19  1:40  Overlord  
  19  1:52  Drone  
  20  1:58  Queen  
  22  2:03  Zergling x2, Roach Warren  
  22  2:05  Zergling x2  
  23  2:13  Drone  
  24  2:23  Overlord  
  24  2:44  Roach x3  
  30  2:49  Roach x2  
  34  2:54  Roach  
  34  2:56  Roach  
  38  2:58  Queen  
  40  3:10  Overlord  
  40  3:13  Roach  
  40  3:15  Roach  
  45  3:34  Drone x5  
  49  3:47  Drone x3  
Tags
 
Add a new tag
Caveats
  • Supply blocks, unpowered buildings, or Contaminate may cause inaccurate times.
  • Supply counts are checked every 10 seconds.